 Dungeon Crawl Stone Soup version 0.16.1-25-gbcee3f8 (webtiles) character file.

2055 hornqvist the Cleaver (level 9, -24/64 HPs)
             Began as a Formicid Fighter on May 19, 2015.
             Killed from afar by linquant's ghost (30 damage)
             ... with a bolt of negative energy
             ... on level 7 of the Dungeon.
             The game lasted 00:04:31 (5617 turns).

hornqvist the Cleaver (Formicid Fighter)            Turns: 5617, Time: 00:04:32

Health: -24/64     AC: 12    Str: 24    XL:     9   Next: 49%
Magic:  12/12      EV:  8    Int:  8    God:
Gold:   315        SH:  0    Dex: 10    Spells: 0 memorised, 8 levels left

rFire  . . .     SeeInvis +     a - +0 war axe
rCold  . . .     Clarity  .     s - +0 plate armour
rNeg   . . .     SustAb   .     c - +0 shield
rPois  .         Gourm    .     (helmet unavailable)
rElec  .         Spirit   .     (no cloak)
rCorr  .         Warding  .     (no gloves)
rMut   .         Stasis   +     (no boots)
MR     .....                    (no amulet)
Stlth  ..........               (no ring)
                                o - +2 ring of evasion

@: confused, lethally poisoned (-24 -> -27), heavily drained, not resistant to
hostile enchantments, extremely unstealthy
A: permanent stasis, dig shafts and tunnels, four strong arms, antennae 3
a: Dig, Shaft Self


You were on level 7 of the Dungeon.
You were hungry.

You visited 1 branch of the dungeon, and saw 6 of its levels.
You also visited: Sewer.

You collected 315 gold pieces.

Inventory:

Hand weapons
 a - a +0 war axe (weapon)
Armour
 b - a +0 scale mail
 c - a +0 shield (worn)
 g - a +0 chain mail
 s - a +0 plate armour (worn)
Jewellery
 o - a +2 ring of evasion (left hand)
Magical devices
 j - a wand of confusion (22)
Scrolls
 f - a scroll of torment {unknown}
 k - a scroll of immolation {unknown}
 n - a scroll of acquirement {unknown}
 p - 3 scrolls of identify {unknown}
 r - a scroll of fear {unknown}
 u - a scroll of remove curse {unknown}
 v - a scroll of magic mapping {unknown}
Potions
 h - a potion of resistance
 q - 4 potions of flight
 t - a potion of agility {unknown}
Comestibles
 d - a bread ration
 l - 2 meat rations
 m - a beef jerky


   Skills:
 - Level 3.2(1.5) Fighting
 * Level 8.6(6.7) Axes
 + Level 7.4(5.5) Armour
 + Level 7.8(5.9) Shields


You had 8 spell levels left.
You didn't know any spells.

Dungeon Overview and Level Annotations

Branches:
Dungeon (7/15)
 Temple: D:4-7

Altars:
Dithmenos
Fedhas
Vehumet
The Shining One

Annotations:
D:7 linquant's ghost, experienced DrWz


Innate Abilities, Weirdness & Mutations

You are under a permanent stasis effect.
You can dig through walls and to a lower floor.
Your four strong arms can wield two-handed weapons with a shield.
You have a pair of large antennae on your head (SInv).


Message History

You feel less invigorated.
You feel sick. The crimson imp misses you.
Linquant's ghost hits you but does no damage.
You regained 3 hp, and now have 10/64 hp.
You feel sick.
The crimson imp blinks!
The adder bites you but does no damage.
You take 1 damage, and have 9/64 hp.
You feel sick.
The crimson imp blinks!
Linquant's ghost hits you but does no damage.
You take 1 damage, and have 8/64 hp.
You feel sick. The adder bites you but does no damage.
You feel sick.
You take 1 damage, and have 7/64 hp.
The adder closely misses you.
You feel sick.
You take 1 damage, and have 6/64 hp.
Linquant's ghost breathes negative energy at you.
The bolt of negative energy hits the adder.
The adder is drained!
The adder dies!
The bolt of negative energy hits you!
You feel drained.
You die...

### # . ... ##. ## #.# #.#
#.## #.# #.## ... #.# #..##
# #.###.# ##...#####
#..##@## ###.........
##....†.####....######.
...###...$.W.......#.# ##..
.....5....#l.#######.####...
.....###.....# #.##....#
.....##....## #.....###
#.........# #...<## #
#.........# ##...## #
###'##......# ##.....####


You could see linquant's ghost, a crimson imp and a giant gecko.

Vanquished Creatures
  Pikel (D:6)
  A deep elf mage (D:7)
  2 slaves (D:6)
  2 sky beasts
  2 ice beasts
  Duvessa (D:5)
  A scorpion (D:5)
  A water moccasin skeleton (D:5)
  5 killer bees (D:7)
  A goliath beetle (D:6)
  Dowan (D:5)
  A crimson imp (D:5)
  4 jellies
  A centaur zombie (D:5)
  A hound (D:6)
  2 worker ants (D:4)
  A siren (Sewer)
  A merfolk avatar (Sewer)
  2 iguanas
  Ijyb (D:5)
  6 adders
  4 gnolls (D:5)
  5 giant mites
  3 river rats (Sewer)
  A shadow imp (D:6)
  An adder zombie (D:5)
  An adder skeleton (D:5)
  2 oozes
  7 orcs
  A bat skeleton (D:6)
  3 giant cockroaches
  7 goblins
  7 hobgoblins
  3 jackals (D:4)
  4 ball pythons
  3 bats
  3 giant geckos
  A giant gecko skeleton (D:4)
  9 giant newts
  A jackal skeleton (D:4)
  3 kobolds (D:4)
  A quokka (D:6)
  28 rats
136 creatures vanquished.

Vanquished Creatures (others)
  An orc priest (D:6)
  15 drowned souls (Sewer)
  An adder (D:7)
  An orc (D:6)
  A hobgoblin (D:6)
19 creatures vanquished.

Grand Total: 155 creatures vanquished

Notes
Turn   | Place    | Note
--------------------------------------------------------------
     0 | D:1      | hornqvist, the Formicid Fighter, began the quest for the Orb.
     0 | D:1      | Reached XP level 1. HP: 18/18 MP: 1/1
     3 | D:1      | You fall through a shaft!
     6 | D:2      | You fall through a shaft for 2 floors!
    48 | D:4      | Reached skill level 4 in Shields
    48 | D:4      | Reached XP level 2. HP: 24/24 MP: 3/3
   314 | D:4      | Noticed a worker ant
   323 | D:4      | Killed a worker ant
   323 | D:4      | Reached XP level 3. HP: 24/29 MP: 4/4
   399 | D:4      | Noticed a worker ant
   406 | D:4      | Killed a worker ant
   406 | D:4      | Reached XP level 4. HP: 19/35 MP: 5/5
  1037 | D:4      | Noticed an iguana
  1045 | D:4      | Killed an iguana
  1045 | D:4      | Reached skill level 5 in Shields
  1045 | D:4      | Reached XP level 5. HP: 17/41 MP: 7/7
  1486 | D:4      | Found a shadowy altar of Dithmenos.
  1576 | D:5      | Entered Level 5 of the Dungeon
  1679 | D:5      | Noticed Ijyb
  1693 | D:5      | Killed Ijyb
  2026 | D:5      | Reached XP level 6. HP: 43/47 MP: 8/8
  2068 | D:5      | Noticed an ice beast
  2081 | D:5      | Killed an ice beast
  2224 | D:5      | Reached skill level 5 in Armour
  2305 | D:5      | Noticed a sky beast
  2317 | D:5      | Killed a sky beast
  2317 | D:5      | Reached XP level 7. HP: 7/52 MP: 9/9
  2746 | D:5      | Noticed Duvessa
  2746 | D:5      | Noticed Dowan
  2756 | D:5      | Killed Duvessa
  2756 | D:5      | Reached skill level 5 in Axes
  2773 | D:5      | Killed Dowan
  2773 | D:5      | Reached skill level 6 in Shields
  3057 | D:6      | Reached XP level 8. HP: 56/58 MP: 11/11
  3479 | D:6      | Found a glowing drain.
  3497 | Sewer    | Entered a sewer
  3869 | Sewer    | Noticed a drowned soul
  3871 | Sewer    | Noticed a drowned soul
  3871 | Sewer    | Noticed a drowned soul
  3871 | Sewer    | Noticed a drowned soul
  3873 | Sewer    | Noticed a drowned soul
  3873 | Sewer    | Killed a drowned soul
  3875 | Sewer    | Noticed a drowned soul
  3876 | Sewer    | Killed a drowned soul
  3877 | Sewer    | Killed a drowned soul
  3877 | Sewer    | Killed a drowned soul
  3879 | Sewer    | Noticed a drowned soul
  3879 | Sewer    | Noticed a drowned soul
  3879 | Sewer    | Noticed a drowned soul
  3879 | Sewer    | Noticed a drowned soul
  3880 | Sewer    | Noticed a drowned soul
  3880 | Sewer    | Killed a drowned soul
  3882 | Sewer    | Noticed a drowned soul
  3882 | Sewer    | Killed a drowned soul
  3883 | Sewer    | Killed a drowned soul
  3883 | Sewer    | Killed a drowned soul
  3884 | Sewer    | Noticed a drowned soul
  3885 | Sewer    | Noticed a drowned soul
  3885 | Sewer    | Killed a drowned soul
  3886 | Sewer    | Killed a drowned soul
  3887 | Sewer    | Noticed a drowned soul
  3887 | Sewer    | Noticed a drowned soul
  3888 | Sewer    | Noticed a drowned soul
  3888 | Sewer    | Killed a drowned soul
  3889 | Sewer    | Killed a drowned soul
  3889 | Sewer    | Killed a drowned soul
  3891 | Sewer    | Noticed a drowned soul
  3891 | Sewer    | Noticed a drowned soul
  3891 | Sewer    | Killed a drowned soul
  3892 | Sewer    | Noticed a drowned soul
  3892 | Sewer    | Killed a drowned soul
  3894 | Sewer    | Noticed a drowned soul
  4099 | D:6      | Found a glowing golden altar of the Shining One.
  4134 | D:6      | Noticed Pikel
  4286 | D:6      | Killed Pikel
  4286 | D:6      | Reached skill level 7 in Axes
  4286 | D:6      | Reached XP level 9. HP: 64/64 MP: 12/12
  4439 | D:6      | Found a blossoming altar of Fedhas.
  4439 | D:6      | Found a radiant altar of Vehumet.
  4852 | D:7      | Reached skill level 8 in Axes
  5593 | D:7      | Noticed linquant's ghost (experienced DrWz)
  5608 | D:7      | HP: 2/64 [linquant's ghost/magic dart (8)]
  5617 | D:7      | Killed from afar by linquant's ghost

Action                   |  1- 3 |  4- 6 |  7- 9 || total
-------------------------+-------+-------+-------++-------
Melee: War axe           |    26 |   118 |   394 ||   538
 Abil: Shaft Self        |     2 |       |       ||     2
  Use: Potion            |       |       |     5 ||     5
  Eat: Chunk             |       |     5 |    11 ||    16
